 Dungeon Crawl Stone Soup version 0.20.1-1-g8b1a95d (webtiles) character file.

125 Phantomfrettchen the Skirmisher (level 4, -2/35 HPs)
             Began as a Demonspawn Chaos Knight on July 3, 2017.
             Slain by tschems's ghost (6 damage)
             ... on level 3 of the Dungeon.
             The game lasted 00:12:36 (2632 turns).

Phantomfrettchen the Skirmisher (DsCK)              Turns: 2632, Time: 00:12:36

Health: -2/35      AC:  7    Str: 12    XL:     4   Next: 82%
Magic:  4/4        EV: 12    Int: 13    God:    Xom [*.....]
Gold:   163        SH:  0    Dex: 14    Spells: 3/3 levels left

rFire    . . .     SeeInvis .   u - +4 dagger
rCold    . . .     Gourm    .   (no shield)
rNeg     . . .     Faith    .   a - +2 leather armour
rPois    .         Spirit   .   (no helmet)
rElec    .         Reflect  .   (no cloak)
rCorr    .         Harm     .   (no gloves)
MR       .....                  (no boots)
Stlth    ++........             (no amulet)
Regen    0.2/turn               (no ring)
MPRegen  0.1/turn               (no ring)

@: no status effects
A: molten scales 1, nightstalker 1
a: Renounce Religion


You were on level 3 of the Dungeon.
You worshipped Xom.
You were a special plaything of Xom.
You were not hungry.

You visited 1 branch of the dungeon, and saw 3 of its levels.

You collected 163 gold pieces.

Inventory:

Hand Weapons
 t - a +3 short sword
 u - a +4 dagger (weapon)
 x - a +0 blowgun
 y - a +0 hunting sling
Missiles
 e - 39 sling bullets
 f - 5 poisoned needles
 i - 4 silver tomahawks
 r - 23 stones
 w - 4 tomahawks (quivered)
Armour
 a - a +2 leather armour (worn)
 B - a +0 buckler
Wands
 p - a wand of disintegration (6/24)
Scrolls
 d - a scroll of enchant weapon
 g - a scroll of remove curse
 h - a scroll of immolation {unknown}
 m - 2 scrolls of recharging
 s - a scroll of magic mapping {unknown}
 v - 3 scrolls of teleportation
 z - a scroll of enchant armour {unknown}
 D - a scroll of fear {unknown}
Potions
 k - a potion of might {unknown}
 n - a potion of flight
 A - a potion of berserk rage {unknown}
Comestibles
 b - 3 bread rations
 c - 3 royal jellies
 j - a fruit
 o - a meat ration
 C - a chunk of flesh


   Skills:
 - Level 3.1 Fighting
 * Level 2.5 Short Blades
 - Level 1.0 Throwing
 - Level 2.0 Armour
 - Level 2.0 Dodging
 - Level 1.0 Stealth
 - Level 3.0 Unarmed Combat


You had 3 spell levels left.
You didn't know any spells.

Dungeon Overview and Level Annotations

Branches:
Dungeon (3/15)

Altars:

Annotations:
D:3 tschems's ghost, amateur HuFi


Innate Abilities, Weirdness & Mutations

You are partially covered in molten scales. (AC +2)
You are slightly more attuned to the shadows.


Message History

You hit tschems's ghost.
Tschems's ghost is moderately damaged.
Tschems's ghost hits you but does no damage.
You hit tschems's ghost but do no damage.
Tschems's ghost is moderately damaged.
Okay, then.
Aiming: Disintegrate (will waste charges)
Press: ? - help, Shift-Dir - straight line, f/p - tschems's ghost
Aim: tschems's ghost (moderately damaged, chance to defeat MR: 48%) Tschems's ghost is blasted.
Evoking this partially-identified wand wasted a few charges.
Tschems's ghost closely misses you.
Aiming: Disintegrate (will waste charges)
Press: ? - help, Shift-Dir - straight line, f/p - tschems's ghost
Aim: tschems's ghost (heavily damaged, chance to defeat MR: 48%) Tschems's ghost is blasted.
Evoking this partially-identified wand wasted a few charges.
Tschems's ghost hits you.
You die...
Xom roars with laughter!

........#
#....##..##.#.#.....#
........#
####..(.......#####.#
.......<########.(###....##
#.#
...<...............##..###
#..
........########.........####
#.. ....##### #..###.......#
#.> ##..###### #(.#
#...###.###.. #.......## #W##
#...# #...... ##.#####..##
##@# #.#.# #####..
...######..####..# #.#.# #..
........##...#...####.#.##
#..
...####...........<...#..#
### ...##
#######..#.##......# ....###
#..#.##..##..# ###...#
###..#.##..###.#
#####)#####..........#####
..............##.........##


You could see tschems's ghost.

Vanquished Creatures
  6 adders
  2 worms
  A dart slug (D:3)
  A leopard gecko (D:2)
  8 orcs (D:3)
  7 bats
  A giant cockroach (D:2)
  2 goblins
  4 hobgoblins
  5 jackals
  8 kobolds
  5 frilled lizards
  6 rats
56 creatures vanquished.

Notes
Turn   | Place    | Note
-------+----------+-------------------------------------------
     0 | D:1      | Phantomfrettchen the Demonspawn Chaos Knight began the quest for the Orb.
     0 | D:1      | Reached XP level 1. HP: 18/18 MP: 1/1
   186 | D:1      | Reached skill level 1 in Dodging
   248 | D:1      | Gained mutation: You are partially covered in molten scales. (AC +2) [demonic ancestry]
   248 | D:1      | Reached XP level 2. HP: 9/24 MP: 2/2
   318 | D:1      | XOM: harmless Tmut miscast
   437 | D:1      | XOM: harmless Tloc miscast
   965 | D:2      | Reached skill level 1 in Stealth
   990 | D:2      | XOM: divination: magic mapping
  1152 | D:2      | Reached skill level 1 in Throwing
  1296 | D:2      | Reached XP level 3. HP: 13/29 MP: 3/3
  1627 | D:2      | XOM is BORED!
  1627 | D:2      | XOM: silly message
  1817 | D:3      | XOM: noise
  1884 | D:3      | XOM: divination: detect items
  1907 | D:3      | XOM: harmless Summ miscast
  2009 | D:3      | XOM: harmless Conj miscast
  2063 | D:3      | Reached skill level 1 in Short Blades
  2096 | D:3      | Gained mutation: You are slightly more attuned to the shadows. [demonic ancestry]
  2096 | D:3      | Reached XP level 4. HP: 33/35 MP: 4/4
  2615 | D:3      | Noticed tschems's ghost (amateur HuFi)
  2632 | D:3      | Slain by tschems's ghost

Skill      XL: |  1  2  3  4 |
---------------+-------------+-----
Dodging        | 1 2 |  2.0
Unarmed Combat | 3 |  3.0
Armour         | 2 |  2.0
Stealth        | 1 |  1.0
Throwing       | 1 |  1.0
Short Blades   | 1 2 |  2.5
Fighting       | |  3.1

Action                   |  1- 3 |  4- 6 || total
-------------------------+-------+-------++-------
Melee: Unarmed           |   130 |       ||   130
       Punch             |     1 |     1 ||     2
       Dagger            |    34 |    64 ||    98
       Short sword       |    11 |       ||    11
Throw: Stone             |    15 |    10 ||    25
       Tomahawk          |       |    13 ||    13
Evoke: Wand              |       |     2 ||     2
  Use: Potion            |     2 |       ||     2
       Scroll            |       |     5 ||     5
  Eat: Chunk             |     4 |     2 ||     6
Armor: Leather armour    |    92 |    22 ||   114
Dodge: Dodged            |   148 |    35 ||   183
